 Dungeon Crawl Stone Soup version 0.28-a0-479-g5baa6b73be (webtiles) character file.

Game seed: 3374114761092117044

1282 heikuro the Geomancer (level 8, -4/52 HPs)
             Began as a Formicid Earth Elementalist on Sept 17, 2021.
             Slain by Dowan (6 damage)
             ... on level 4 of the Dungeon.
             The game lasted 00:12:23 (6670 turns).

heikuro the Geomancer (Formicid Earth Elementalist) Turns: 6670, Time: 00:12:24

Health: -4/52      AC:  6    Str: 13    XL:     8   Next: 84%
Magic:  4/16       EV: 11    Int: 17    God:
Gold:   156        SH:  0    Dex: 11    Spells: 10/18 levels left

rFire   . . .      SeeInvis +   u - +0 dagger (venom)
rCold   . . .      Faith    .   (no shield)
rNeg    . . .      Spirit   .   x - +3 leather armour
rPois   +          Reflect  .   (helmet unavailable)
rElec   .          Harm     .   (no cloak)
rCorr   .          Rampage  .   (no gloves)
Will    .....                   (no boots)
Stlth   ++........              f - amulet of magic regeneration
HPRegen 0.17/turn               q - ring of poison resistance
MPRegen 0.40/turn               (no ring)

@: no status effects
A: permanent stasis, dig shafts and tunnels, antennae 3, four strong arms
a: Dig, Shaft Self


You were on level 4 of the Dungeon.
You visited 1 branch of the dungeon, and saw 4 of its levels.
You also visited: Ossuary.

You collected 156 gold pieces.

Inventory:

Hand Weapons
 e - a +0 dagger
 u - a +0 dagger of venom (weapon)
Missiles
 c - 112 stones
 o - 2 throwing nets
Armour
 x - a +3 leather armour (worn)
Jewellery
 f - an amulet of magic regeneration (around neck)
 q - a ring of poison resistance (left hand)
Scrolls
 a - 3 scrolls of teleportation {unknown}
 d - a scroll of blinking {unknown}
 i - 3 scrolls of magic mapping {unknown}
 j - a scroll of vulnerability {unknown}
 k - a scroll of enchant weapon {unknown}
 m - a scroll of noise {unknown}
 r - a scroll of amnesia {unknown}
 w - 2 scrolls of fog {unknown}
Potions
 g - 2 potions of ambrosia
 h - 4 potions of curing
 l - 2 potions of brilliance {unknown}
 n - a potion of lignification {unknown}
 p - a potion of cancellation {unknown}
 s - 2 potions of mutation {unknown}
 t - 2 potions of might {unknown}
 v - a potion of resistance {unknown}


   Skills:
 - Level 2.0 Dodging
 - Level 3.0 Stealth
 + Level 5.7 Spellcasting
 - Level 4.0 Transmutations
 * Level 9.7 Earth Magic


You had 10 spell levels left.
You knew the following spells:

 Your Spells              Type           Power      Damage    Failure   Level
a - Sandblast             Erth           76%        2d16      1%          1
b - Stone Arrow           Conj/Erth      42%        3d9       7%          3
c - Petrify               Tmut/Erth      28%        N/A       10%         4

Your spell library contained the following spells:

 Spells                   Type           Power      Damage    Failure   Level
 Passwall                 Tmut/Erth      23%        N/A       1%          2
 Frozen Ramparts          Ice            8%         1d2       45%         3
 Ice Form                 Ice/Tmut       11%        N/A       58%         4
 Summon Ice Beast         Ice/Summ       4%         N/A       86%         4


Dungeon Overview and Level Annotations

Branches:
Dungeon (4/15)            Ossuary (visited)
 Temple: D:4-7

Altars:
Dithmenos
Trog
Wu Jian
Zin

Annotations:
D:4 Dowan


Innate Abilities, Weirdness & Mutations

You cannot be hasted, slowed, berserked, paralysed or teleported.
You can dig through walls and to a lower floor.
You have a pair of large antennae on your head. (SInv)
Your four strong arms can wield two-handed weapons with a shield.


Message History

Aiming: Sandblast (safe; 1% risk of failure)
Press: ? - help, Q - select action, (/) - cycle Shift-Dir - straight line, f/p - Duvessa
Aim: Duvessa, wielding a +0 short sword and wearing a +0 leather armour (moderately wounded, fast, 84% to hit)
The blast of sand hits Duvessa.
Duvessa is moderately wounded.
Duvessa hits you with a +0 short sword! Duvessa hits you with a +0 short sword.
Dowan hits you but does no damage.
Aiming: Sandblast (safe; 1% risk of failure)
Press: ? - help, Q - select action, (/) - cycle Shift-Dir - straight line, f/p - Duvessa
Aim: Duvessa, wielding a +0 short sword and wearing a +0 leather armour (moderately wounded, fast, 84% to hit)
The blast of sand hits Duvessa!
Duvessa is severely wounded.
Duvessa hits you with a +0 short sword! Dowan hits you with a +0 dagger.
* * * LOW HITPOINT WARNING * * *
Aiming: Sandblast (safe; 1% risk of failure)
Press: ? - help, Q - select action, (/) - cycle Shift-Dir - straight line, f/p - Duvessa
Aim: Duvessa, wielding a +0 short sword and wearing a +0 leather armour (severely wounded, fast, 84% to hit)
The blast of sand hits Duvessa!
Duvessa is almost dead.
Duvessa hits you with a +0 short sword!
* * * LOW HITPOINT WARNING * * *
Duvessa hits you but does no damage. Dowan hits you with a +0 dagger.
* * * LOW HITPOINT WARNING * * *
Aiming: Sandblast (safe; 1% risk of failure)
Press: ? - help, Q - select action, (/) - cycle Shift-Dir - straight line, f/p - Duvessa
Aim: Duvessa, wielding a +0 short sword and wearing a +0 leather armour (almost dead, fast, 84% to hit)
The blast of sand hits Duvessa!!
You kill Duvessa!
Dowan screams, "No!
Oh no!"
Dowan seems to find hidden reserves of power!
Dowan completely misses you.
Aiming: Sandblast (safe; 1% risk of failure)
Press: ? - help, Q - select action, (/) - cycle Shift-Dir - straight line, f - Dowan
Aim: Dowan, wielding a +0 dagger and wearing a +0 robe (fast, 75% to hit)
The blast of sand hits Dowan!
Dowan is severely wounded.
Dowan hits you with a +0 dagger.
* * * LOW HITPOINT WARNING * * *
Dowan hits you with a +0 dagger.
You die...

#......>..).).*****
#..........)).),,),
#.............*****
#######...........*
#.................*
##.................*
#..................*
##......)e#########**
##.####.@.#
###.####...#
#8...8##.###
##.....##.#
#_.^..._#.#
##.....##.#
#8...8##.#
##.....##.#
#_....._#.#


You could see Dowan (fast).

Vanquished Creatures
  Pikel (D:4)
  Duvessa (D:4)
  A necrophage (D:3)
  2 black bears (D:4)
  A lemure (D:4)
  A gnoll shaman (D:4)
  Natasha (thrice) (D:4)
  2 iguanas (D:4)
  An orc wizard (D:4)
  2 mummies (Ossuary)
  10 gnolls
  8 adders
  An ufetubus (D:4)
  An adder zombie (Ossuary)
  A worm (D:2)
  A dart slug (D:4)
  6 orcs
  9 endoplasms
  4 giant cockroaches
  6 goblins
  4 hobgoblins
  8 jackals
  A quokka (D:2)
  7 ball pythons
  5 bats
  7 frilled lizards
  2 goblin zombies (Ossuary)
  15 hobgoblin zombies (Ossuary)
  4 jackal zombies (Ossuary)
  4 kobolds
  7 kobold zombies (Ossuary)
  6 orc zombies (Ossuary)
  8 rats
  A rat zombie (Ossuary)
141 creatures vanquished.

Notes
Turn   | Place    | Note
-------+----------+-------------------------------------------
     0 | D:1      | heikuro the Formicid Earth Elementalist began the quest for
                  | the Orb.
     0 | D:1      | Reached XP level 1. HP: 13/13 MP: 3/3
   456 | D:1      | Reached XP level 2. HP: 19/19 MP: 1/5
   879 | D:1      | Found a faded altar of an unknown god.
   885 | D:1      | Reached skill level 4 in Earth Magic
  1367 | D:1      | Reached XP level 3. HP: 16/24 MP: 6/6
  1483 | D:1      | Learned a level 3 spell: Stone Arrow
  2638 | D:2      | Reached XP level 4. HP: 14/30 MP: 0/7
  3855 | D:3      | Reached skill level 5 in Earth Magic
  3859 | D:3      | Reached XP level 5. HP: 35/35 MP: 4/9
  3937 | D:3      | Noticed a necrophage
  3951 | D:3      | Killed a necrophage
  3952 | D:3      | Reached XP level 6. HP: 11/41 MP: 1/11
  4659 | D:3      | Reached skill level 6 in Earth Magic
  4962 | D:4      | Noticed a black bear
  4971 | D:4      | Killed a black bear
  5031 | D:4      | Reached XP level 7. HP: 34/46 MP: 8/12
  5081 | D:4      | Noticed Dowan
  5085 | D:4      | Noticed Duvessa
  5184 | D:4      | Reached skill level 7 in Earth Magic
  5196 | D:4      | Found a sand-covered staircase.
  5208 | Ossuary  | Entered an ossuary
  5713 | Ossuary  | Learned a level 4 spell: Petrify
  5812 | D:4      | Noticed Natasha
  5815 | D:4      | Killed Natasha
  5937 | D:4      | Noticed Pikel
  5946 | D:4      | Killed Pikel
  5947 | D:4      | Reached skill level 5 in Spellcasting
  5947 | D:4      | Reached skill level 9 in Earth Magic
  5947 | D:4      | Reached XP level 8. HP: 28/52 MP: 2/15
  6106 | D:4      | Noticed Natasha
  6111 | D:4      | Killed Natasha
  6229 | D:4      | Found an ornate altar of the Wu Jian Council.
  6233 | D:4      | Found a shadowy altar of Dithmenos.
  6235 | D:4      | Found a glowing silver altar of Zin.
  6235 | D:4      | Found a bloodstained altar of Trog.
  6429 | D:4      | Noticed Natasha
  6432 | D:4      | Killed Natasha
  6627 | D:4      | Found an ornate altar of the Wu Jian Council.
  6629 | D:4      | Found a shadowy altar of Dithmenos.
  6631 | D:4      | Found a glowing silver altar of Zin.
  6631 | D:4      | Found a bloodstained altar of Trog.
  6669 | D:4      | Killed Duvessa
  6670 | D:4      | HP: 2/52 [Dowan (5)]
  6670 | D:4      | Slain by Dowan

Illustrated notes

Levels and vault maps discovered:
D:1:      lemuel_arrival_behind_the_door_small, layout_basic,
          shapermc_ecumenical_altar_mp_highgroup, serial_glass, glass_columns_a,
          glass_columns_a, glass_columns_b, glass_columns_b, glass_columns_b,
          glass_columns_a, glass_columns_a, glass_columns_c,
          minmay_misc_feat_room, grunt_decor_fettered
D:2:      layout_loops_ring
D:3:      layout_rooms, hangedman_decor_points, st_stairs_8, minivault_5
D:4:      layout_basic, nicolae_overflow_hidden_temple,
          nicolae_ossuary_entry_false_entrances, uniq_pikel, uniq_natasha,
          uniq_duvessa

Skill      XL: |  1  2  3  4  5  6  7 |
---------------+----------------------+-----
Dodging        | 2 |  2.0
Earth Magic    | 4 5 6 9 |  9.7
Stealth        | 3 |  3.0
Transmutations | 2 3 4 |  4.0
Spellcasting   | 3 5 |  5.7

Action                   |  1- 3 |  4- 6 |  7- 9 || total
-------------------------+-------+-------+-------++-------
Melee: Unarmed           |    22 |       |       ||    22
       Club              |    14 |       |       ||    14
       Dagger            |   154 |    69 |    17 ||   240
 Cast: Sandblast         |    17 |    50 |    57 ||   124
       Stone Arrow       |       |       |    48 ||    48
 Abil: Dig               |       |       |     3 ||     3
  Use: Scroll            |     2 |       |     1 ||     3
 Stab: Sleeping          |     1 |     6 |       ||     7
Armor: Robe              |    54 |    10 |     5 ||    69
       Leather armour    |       |       |     2 ||     2
Dodge: Dodged            |   141 |    54 |    21 ||   216

Table legend: (Time is in decaauts)
 A = Elapsed time spent in this place.
 B = Non-inter-level travel time spent in this place.
 C = Inter-level travel time spent in this place.
 D = Time resting spent in this place.
 E = Time spent auto-exploring this place.
 F = Levels seen in this place.
 G = Mean time per level.
                   A        B        C        D        E       F      G
               +--------+--------+--------+--------+--------+-----+--------+
         Total |   6678 |   6538 |    140 |   2318 |   2466 |   5 | 1335.6 |
       Dungeon |   6078 |   5938 |    140 |   2082 |   2425 |   4 | 1519.5 |
       Ossuary |    599 |    599 |      0 |    236 |     41 |   1 |  599.0 |
               +--------+--------+--------+--------+--------+-----+--------+

Top non-repeatable levels by time:
     D:1: 2111 daAuts
     D:2: 1619 daAuts
     D:3: 1361 daAuts
     D:4: 985 daAuts
 Ossuary: 599 daAuts
